 Dungeon Crawl Stone Soup version 0.27-a0-46-g34d46f0a3f (webtiles) character file.

Game seed: 2603763235322895358

18862 Borgoz the Grappler (level 12, -9/110 HPs)
             Began as a Ghoul Gladiator on Jan 7, 2021.
             Was a Believer of Ashenzari.
             Mangled by a tengu reaver
             ... wielding a +4 battleaxe of electrocution
              (31 damage)
             ... on level 12 of the Dungeon.
             The game lasted 00:18:44 (13820 turns).

Borgoz the Grappler (Ghoul Gladiator)              Turns: 13820, Time: 00:18:44

Health: -9/110     AC: 12    Str: 21    XL:     12   Next: 63%
Magic:  11/11      EV: 19    Int:  3    God:    Ashenzari [**....]
Gold:   1282       SH:  5    Dex: 12    Spells: 11/11 levels left

rFire    . . .     SeeInvis .     - Unarmed
rCold    + . .     Faith    .   r - +0 buckler
rNeg     + + +     Spirit   .   j - +0 scale mail
rPois    ∞         Reflect  .   b - +1 helmet
rElec    .         Harm     .   q - +0 cloak
rCorr    .         Rampage  .   (no gloves)
Will     .....                  (no boots)
Stlth    ..........             g - amulet of regeneration
HPRegen  0.00/turn              t - +4 ring of evasion (curse)
MPRegen  0.12/turn              (no ring)

@: mighty
A: claws 1, cold resistance 1, negative energy resistance 3, inhibited
regeneration, torment resistance, unbreathing
a: Renounce Religion, Curse Item, Scrying


You were on level 12 of the Dungeon.
You worshipped Ashenzari.
Ashenzari was pleased with you.
You visited 2 branches of the dungeon, and saw 13 of its levels.

You collected 1906 gold pieces.
You spent 624 gold pieces at shops.

Inventory:

Hand Weapons
 B - the +9 battleaxe of the Grave {freeze, Str+4}
   (You found it on level 7 of the Dungeon)

   It has been specially enchanted to freeze those struck by it, causing extra
   injury to most foes and up to half again as much damage against particularly
   susceptible opponents.
   It can also slow down cold-blooded creatures.
   It affects your strength (+4).
Missiles
 c - 5 throwing nets (quivered)
Armour
 b - a +1 helmet (worn)
 j - a +0 scale mail (worn)
 q - a +0 cloak (worn)
 r - a +0 buckler (worn)
Jewellery
 g - an amulet of regeneration (around neck)
 m - an uncursed amulet of the acrobat
 t - a cursed +4 ring of evasion (left claw)
 w - a +6 ring of intelligence
 x - an uncursed ring of ice
Wands
 a - a wand of acid (4)
 i - a wand of paralysis (5)
 l - a wand of flame (17)
 D - a wand of iceblast (8)
Scrolls
 d - 5 scrolls of identify
 e - 4 scrolls of amnesia
 f - 8 scrolls of remove curse
 h - 5 scrolls of teleportation
 k - 2 scrolls of enchant weapon
 u - 2 scrolls of fog
 v - 2 scrolls of magic mapping
 y - a scroll of blinking
 C - a scroll of enchant armour
Potions
 n - a potion of flight
 o - a potion of brilliance
 p - 2 potions of cancellation
 z - 2 potions of resistance {unknown}


   Skills:
 + Level 11.0 Fighting
 - Level 1.7 Throwing
 + Level 9.1 Armour
 + Level 9.5 Dodging
 - Level 5.0 Shields
 + Level 11.2 Unarmed Combat


You had 11 spell levels left.
You didn't know any spells.
Your spell library contained the following spells:

 Spells                   Type           Power        Failure   Level
 Sandblast                Erth           0%           82%         1
 Sting                    Tmut/Pois      0%           82%         1
 Corpse Rot               Necr/Air       N/A          91%         2
 Passwall                 Tmut/Erth      0%           91%         2
 Poisonous Vapours        Pois/Air       0%           91%         2
 Conjure Flame            Conj/Fire      0%           99%         3
 Ignite Poison            Fire/Tmut/Pois 0%           99%         3
 Mephitic Cloud           Conj/Pois/Air  0%           99%         3
 Stone Arrow              Conj/Erth      0%           99%         3
 Olgreb's Toxic Radiance  Pois           0%           100%        4
 Petrify                  Tmut/Erth      0%           100%        4
 Lee's Rapid Deconstruct  Erth           0%           100%        5
 Summon Forest            Summ/Tloc      0%           100%        5
 Eringya's Noxious Bog    Tmut/Pois      0%           100%        6
 Freezing Cloud           Conj/Ice/Air   0%           100%        6
 Summon Hydra             Summ           0%           100%        7
 Hydra Form               Tmut           Unusable     N/A         6

Dungeon Overview and Level Annotations

Branches:
Dungeon (12/15)            Temple (1/1) D:7            Lair (0/6) D:8
    Orc (0/2) D:11

Altars:
Ashenzari
Cheibriados
Dithmenos
Elyvilon
Fedhas
Gozag
Hepliaklqana
Kikubaaqudgha
Makhleb
Nemelex Xobeh
Okawaru
Qazlal
Ru
Sif Muna
Trog
Uskayaw
Vehumet
Wu Jian
Xom
Yredelemnul
Zin
The Shining One

Shops:
D:5 (**(   D:10 *   D:11 ?


Innate Abilities, Weirdness & Mutations

You thrive by killing the living.
You are immune to poison.
You have sharp fingernails.
Your flesh is cold resistant. (rC+)
You are immune to negative energy. (rN+++)
You do not regenerate when monsters are visible.
You are immune to unholy pain and torment.
You can survive without breathing.


Message History

The battlesphere is engulfed in freezing vapours. x2
You scratch the tengu reaver but do no damage.
The tengu reaver is moderately wounded.
The tengu reaver hits you with a +4 battleaxe of electrocution!
You are electrocuted!
* * * LOW HITPOINT WARNING * * *
The tengu reaver pecks you but does no damage.
The tengu reaver misses you.
You closely miss the tengu reaver.
The tengu reaver is moderately wounded.
A mana viper comes into view.
You feel very mighty all of a sudden.
The tengu reaver hits you with a +4 battleaxe of electrocution!
* * * LOW HITPOINT WARNING * * *
The tengu reaver pecks you but does no damage.
You block the tengu reaver's attack.
You barely miss the tengu reaver.
The tengu reaver is moderately wounded.
The tengu reaver hits you with a +4 battleaxe of electrocution!!
You die...

, , * * * , , ,, ,,, ,
.## * ,, * .. * * , , ,
..* , * ,, * *, , .## ,
, , ..#, ,,,, , {,
##..#, ## , * #Q*###..#
################@..#...#
........#.....#....#...#
.##.##.....#......##,, #
.##.##....###....## ,
########### ###### .#*∆
#... * .... * .##.
#....,* ......#
........#.. .#..###
##################


You could see a tengu reaver and a battlesphere.

Vanquished Creatures
  Josephine (D:10)
  Harold (D:6)
  Erolcha (D:10)
  2 two-headed ogres
  2 unseen horrors
  An ugly thing (D:12)
  A manticore (D:11)
  Maurice (D:8)
  2 trolls
  A freezing wraith (D:12)
  The ghost of jaime the Slasher, an amateur MiGl (D:4)
  5 slime creatures (D:12)
  2 hornets
  A shadow (D:12)
  4 wraiths
  Sigmund (D:4)
  2 wyverns
  A basilisk (D:12)
  7 yaks
  A steam dragon (D:12)
  7 orc warriors
  2 black bears
  2 ice beasts
  6 sky beasts
  7 ogres
  A phantom (D:9)
  4 centaurs
  3 big kobolds
  9 bullfrogs
  A gnoll sergeant (D:8)
  A water moccasin zombie (D:6)
  A water moccasin skeleton (D:4)
  6 scorpions
  13 killer bees
  20 wights
  15 howler monkeys
  2 bullfrog zombies
  A wyvern simulacrum (D:12)
  A quasit (D:8)
  4 centaur zombies
  9 hounds
  2 jellies (D:9)
  2 bullfrog skeletons
  2 centaur skeletons
  8 orc priests
  9 orc wizards
  Natasha (thrice) (D:3)
  10 worker ants
  A worker ant zombie (D:9)
  A howler monkey skeleton (D:5)
  8 gnolls
  15 adders
  4 white imps
  An ooze (D:6)
  3 adder skeletons
  An adder zombie (D:9)
  2 dart slugs
  6 leopard geckos
  37 orcs
  8 bats
  6 giant cockroaches
  6 goblins
  9 hobgoblins
  25 kobolds
  6 quokkas
  2 ball pythons
  5 frilled lizards (D:1)
  A jackal skeleton (D:4)
  2 leopard gecko skeletons
  A quokka skeleton (D:5)
  9 rats
348 creatures vanquished.

Notes
Turn   | Place    | Note
-------+----------+-------------------------------------------
     0 | D:1      | Borgoz the Ghoul Gladiator began the quest for the Orb.
     0 | D:1      | Reached XP level 1. HP: 17/17 MP: 0/0
   156 | D:1      | Reached XP level 2. HP: 16/25 MP: 1/1
   400 | D:1      | Reached XP level 3. HP: 18/30 MP: 2/2
   553 | D:1      | Reached skill level 1 in Armour
  1094 | D:2      | Noticed a scorpion
  1105 | D:2      | Killed a scorpion
  1106 | D:2      | Reached XP level 4. HP: 34/38 MP: 3/3
  1642 | D:2      | Found a white marble altar of Elyvilon.
  1642 | D:2      | Found a hazy altar of Hepliaklqana.
  1647 | D:2      | Found a shadowy altar of Dithmenos.
  1649 | D:2      | Found a broken altar of Ashenzari.
  1651 | D:2      | Found an opulent altar of Gozag.
  1745 | D:3      | Reached XP level 5. HP: 33/45 MP: 4/4
  1836 | D:2      | Became a worshipper of Ashenzari the Shackled
  2085 | D:3      | Found a faded altar of an unknown god.
  2271 | D:3      | Noticed Natasha
  2279 | D:3      | Killed Natasha
  2581 | D:3      | Noticed Natasha
  2596 | D:3      | Killed Natasha
  2792 | D:3      | Noticed Natasha
  2805 | D:3      | Killed Natasha
  2806 | D:3      | Reached XP level 6. HP: 39/52 MP: 5/5
  3082 | D:4      | Noticed Sigmund
  3094 | D:4      | Killed Sigmund
  3095 | D:4      | Reached skill level 5 in Unarmed Combat
  3095 | D:4      | Reached XP level 7. HP: 60/60 MP: 6/6
  3095 | D:4      | Found a runed translucent gate.
  3095 | D:4      | Found a runed translucent gate.
  3113 | D:4      | Found a runed translucent gate.
  3116 | D:4      | Noticed jaime's ghost (amateur MiGl)
  3588 | D:4      | Reached skill level 5 in Fighting
  3725 | D:5      | Entered Level 5 of the Dungeon
  3725 | D:5      | Found Gyedghani's General Store.
  3810 | D:5      | Found Yfaafunn's Antique Weapon Shop.
  3837 | D:5      | Found Ohuy's General Store.
  3864 | D:5      | Found Joceovvi's Weapon Shop.
  4002 | D:5      | Reached XP level 8. HP: 67/68 MP: 7/7
  4050 | D:5      | Found a bloodstained altar of Trog.
  4210 | D:5      | Reached skill level 5 in Dodging
  4331 | D:5      | Reached * piety under Ashenzari
  4776 | D:4      | Killed jaime's ghost
  5142 | D:6      | Reached XP level 9. HP: 61/78 MP: 8/8
  5428 | D:6      | Reached skill level 5 in Armour
  5821 | D:7      | Noticed a hornet
  5846 | D:6      | Killed a hornet
  6130 | D:7      | Noticed Harold
  6390 | D:6      | Killed Harold
  6713 | D:7      | Reached XP level 10. HP: 87/88 MP: 9/9
  6720 | D:7      | Found a staircase to the Ecumenical Temple.
  6744 | D:7      | Got the battleaxe of the Grave {freeze, Str+4}
  6754 | Temple   | Entered the Ecumenical Temple
  7639 | D:8      | Found a staircase to the Lair.
  7643 | D:8      | Noticed Maurice
  7676 | D:8      | Killed Maurice
  7932 | D:8      | Lost intelligence.
  7993 | D:8      | Found a blossoming altar of Fedhas.
  9011 | D:9      | Reached ** piety under Ashenzari
  9839 | D:10     | Entered Level 10 of the Dungeon
  9839 | D:10     | Found Haegher's Assorted Antiques.
 10120 | D:10     | Reached skill level 1 in Shields
 10126 | D:10     | Reached XP level 11. HP: 85/97 MP: 10/10
 10152 | D:10     | HP: 4/97 [yak (6)]
 10158 | D:10     | Noticed Erolcha
 10304 | D:10     | Killed Erolcha
 10629 | D:10     | Noticed Josephine
 10800 | D:10     | Reached skill level 10 in Unarmed Combat
 10885 | D:10     | Killed Josephine
 11485 | D:11     | Found a staircase to the Orcish Mines.
 11540 | D:11     | Reached skill level 10 in Fighting
 11867 | D:11     | Killed an unseen horror
 12258 | D:11     | Noticed a manticore
 12276 | D:11     | Killed a manticore
 12277 | D:11     | Reached XP level 12. HP: 54/106 MP: 11/11
 12406 | D:11     | Found Kemoyxt's Magic Scroll Shop.
 12412 | D:11     | Bought a scroll of acquirement for 624 gold pieces
 12412 | D:11     | Acquired 1098 gold pieces
 12496 | D:11     | Noticed a two-headed ogre
 12508 | D:11     | Killed a two-headed ogre
 12972 | D:12     | Identified the +9 battleaxe of the Grave {freeze, Str+4}
                  | (You found it on level 7 of the Dungeon)
 13571 | D:12     | Reached skill level 5 in Shields
 13796 | D:12     | Noticed a two-headed ogre
 13800 | D:12     | Noticed a tengu reaver
 13809 | D:12     | Killed a two-headed ogre
 13820 | D:12     | Mangled by a tengu reaver

Illustrated notes

Levels and vault maps discovered:
D:1:      onia_arrival_mini_spirals, layout_rooms, serial_corexii_hall,
          chequers_hall_statues_y, corexii_hall_statues_x
D:2:      layout_loops_ring, chequers_temple_overflow_minitemple,
          kennysheep_another_room
D:3:      cheibrodos_helix_gallery, layout_basic,
          chequers_ecumenical_altar_grove, uniq_natasha
D:4:      minmay_spotlight, layout_basic, gammafunk_ghost_necromancy,
          uniq_sigmund
D:5:      layout_basic, general_overflow_altar, serial_shops, shop, shop, shop,
          shop, chequers_arboretum
D:6:      layout_basic
D:7:      layout_rooms, minmay_temple_entry_grid, uniq_harold
D:8:      layout_loops_corners, overflow_temple_1_default, lair_entry_dummy,
          grunt_ministairs_12, uniq_maurice
D:9:      layout_roguey
D:10:     layout_small_grid, serial_shops, shop, kennysheep_generic_room_15,
          uniq_erolcha, uniq_josephine
D:11:     layout_loops_ring, david_orc_3, serial_shops, shop, minmay_puff
D:12:     minmay_tile_spiral, layout_gridville, chequers_serial_rivers_room_b,
          grunt_decor_arrowhead
Temple:   minmay_freezing_vapour_temple

Skill      XL: |  1  2  3  4  5  6  7  8  9 10 11 12 |
---------------+-------------------------------------+-----
Dodging        | 3 4 5 6 8 9 |  9.5
Armour         | 1 2 3 4 6 7 8 9 |  9.1
Fighting       | 3 4 5 6 7 9 10 11 | 11.0
Unarmed Combat | 4 5 6 8 9 10 11 | 11.2
Shields        | 1 4 5 |  5.0
Throwing       | |  1.7

Action                   |  1- 3 |  4- 6 |  7- 9 | 10-12 || total
-------------------------+-------+-------+-------+-------++-------
Melee: Unarmed           |    89 |   182 |   382 |   978 ||  1631
       Punch             |       |     1 |     9 |     8 ||    18
Throw: Throwing net      |       |     1 |     1 |     7 ||     9
Evoke: Wand              |       |       |       |     2 ||     2
  Use: Scroll            |       |     6 |     1 |     7 ||    14
       Potion            |       |     1 |       |    16 ||    17
 Stab: Held in net/web   |       |     1 |     1 |     2 ||     4
Armor: Leather armour    |    23 |       |       |       ||    23
       Scale mail        |       |    96 |   103 |   290 ||   489
Dodge: Dodged            |    64 |   122 |   280 |   803 ||  1269
Block: Buckler           |       |       |       |   112 ||   112

Table legend: (Time is in decaauts)
 A = Elapsed time spent in this place.
 B = Non-inter-level travel time spent in this place.
 C = Inter-level travel time spent in this place.
 D = Time resting spent in this place.
 E = Time spent auto-exploring this place.
 F = Levels seen in this place.
 G = Mean time per level.
                   A        B        C        D        E       F      G
               +--------+--------+--------+--------+--------+-----+--------+
         Total |  13732 |  13142 |    590 |   3225 |   7157 |  13 | 1056.3 |
       Dungeon |  13630 |  13040 |    590 |   3125 |   7157 |  12 | 1135.8 |
        Temple |    101 |    101 |      0 |    100 |      0 |   1 |  101.0 |
               +--------+--------+--------+--------+--------+-----+--------+

Top non-repeatable levels by time:
     D:8: 1641 daAuts
     D:6: 1499 daAuts
     D:9: 1349 daAuts
    D:10: 1293 daAuts
    D:11: 1220 daAuts
     D:4: 1190 daAuts
     D:3: 1103 daAuts
    D:12: 975 daAuts
     D:5: 959 daAuts
     D:2: 897 daAuts
     D:1: 849 daAuts
     D:7: 651 daAuts
  Temple: 101 daAuts
